Map: 資料C

Players

llllllllllll - Winner!

  • Race: Protoss Protoss
  • League: Grandmaster
  • Spawn Location: 9:00

IIIIIIIIIIII

  • Race: Terran Terran
  • League: Master
  • Spawn Location: 3:00

VOD

Have the link to the VOD?

Description

Time

  • Played on: Oct. 30, 2022, 6:37 a.m.
  • Length: 24:31
Show
View Real Time Build Order
Export as new Build Order

llllllllllll Protoss - Winner!

Build Orders: 1 Gate Expand, Oracle Opening 

Get SALT Encoding   

  12  0:00  Probe  
  13  0:13  Probe  
  14  0:18  Pylon  
  14  0:25  Probe (Chrono Boost)  
  15  0:36  Gateway  
  15  0:37  Probe (Chrono Boost)  
  16  0:44  Probe (Chrono Boost)  
  16  0:48  Assimilator  
  17  0:51  Probe  
  18  1:03  Probe  
  19  1:15  Probe  
  20  1:23  Nexus  
  20  1:33  Cybernetics Core  
  20  1:36  Probe  
  21  1:42  Assimilator  
  21  1:49  Probe  
  21  1:52  Pylon  
  22  2:01  Probe (Chrono Boost)  
  23  2:07  Stalker (Chrono Boost)  
  23  2:12  Probe (Chrono Boost)  
  26  2:17  Shield Battery, Probe (Chrono Boost)  
  27  2:28  Stargate  
  27  2:33  Stalker (Chrono Boost)  
  29  2:39  Probe  
  30  2:47  Probe  
  31  2:51  Probe  
  31  2:56  Stalker  
  34  3:00  Probe  
  34  3:04  Probe  
  36  3:12  Probe  
  37  3:13  Oracle (Chrono Boost)  
  37  3:16  Probe  
  41  3:21  Warp Gate  
  41  3:24  Probe  
  42  3:28  Probe  
  42  3:30  Pylon  
  43  3:36  Probe  
  45  3:41  Probe (Chrono Boost)  
  45  3:42  Twilight Council  
  45  3:48  Probe (Chrono Boost)  
  47  3:58  Probe x2 (Chrono Boost), Gateway  
  47  4:00  Gateway  
  48  4:03  Probe (Chrono Boost)  
  48  4:04  Probe  
  50  4:14  Nexus, Blink (Chrono Boost)  
  50  4:18  Probe  
  51  4:24  Pylon  
  51  4:26  Probe  
  51  4:28  Assimilator  
  52  4:35  Probe  
  53  4:38  Probe  
  53  4:42  Forge  
  53  4:45  Pylon  
  54  4:48  Probe  
  54  4:50  Probe  
  56  4:59  Pylon  
  56  5:00  Probe  
  56  5:02  Probe  
  56  5:04  Pylon  
  56  5:05  Gateway  
  58  5:09  Stalker x3  
  58  5:12  Probe  
  65  5:15  Probe  
  65  5:16  Protoss Ground Weapons Level 1 (Chrono Boost)  
  66  5:24  Probe  
  66  5:26  Forge  
  66  5:27  Probe  
  66  5:28  Pylon  
  68  5:29  Probe  
  68  5:34  Stalker  
  71  5:36  Probe  
  71  5:37  Stalker  
  71  5:39  Stalker  
  71  5:40  Probe  
  71  5:41  Probe  
  78  5:48  Probe  
  79  5:51  Charge (Chrono Boost)  
  79  5:53  Probe x2  
  81  5:59  Robotics Facility  
  81  6:00  Pylon, Probe  
  81  6:02  Protoss Ground Armor Level 1 (Chrono Boost)  
  82  6:05  Probe  
  82  6:09  Nexus  
  83  6:17  Probe  
  84  6:20  Pylon, Probe  
  84  6:21  Assimilator  
  83  6:26  Probe, Dark Shrine  
  83  6:31  Probe, Gateway  
  85  6:34  Gateway x2  
  85  6:39  Gateway  
  85  6:41  Gateway  
  85  6:43  Pylon, Probe, Gateway  
  85  6:44  Probe  
  85  6:46  Probe  
  88  6:48  Pylon  
  88  6:49  Observer  
  88  6:52  Robotics Bay  
  89  6:55  Pylon  
  89  6:56  Probe x2  
  89  6:57  Shield Battery  
  89  7:00  Probe  
  92  7:08  Probe, Protoss Ground Weapons Level 2  
  93  7:09  Probe  
  93  7:12  Warp Prism (Chrono Boost)  
  96  7:16  Gateway  
  96  7:18  Gateway  
  96  7:19  Pylon, Probe  
  96  7:20  Assimilator  
  96  7:22  Assimilator, Probe x2  
  99  7:27  Probe  
  100  7:31  Probe  
  100  7:32  Zealot x2, Sentry x2  
  100  7:34  Probe  
  100  7:36  Shield Battery  
  110  7:37  Pylon  
  110  7:40  Shadow Stride  
  110  7:41  Robotics Facility  
  110  7:48  Disruptor (Chrono Boost), Probe  
  113  7:52  Probe  
  113  7:54  Assimilator  
  114  7:58  Nexus, Probe  
  114  8:01  Pylon  
  114  8:02  Protoss Ground Armor Level 2  
  114  8:05  Dark Templar x2  
  119  8:07  Zealot x2  
  123  8:13  Pylon  
  123  8:14  Dark Templar  
  123  8:16  Pylon  
  123  8:19  Pylon  
  125  8:20  Assimilator  
  125  8:23  Photon Cannon  
  125  8:24  Shield Battery  
  125  8:26  Pylon  
  125  8:32  Probe  
  126  8:36  Shield Battery  
  126  8:37  Shield Battery  
  126  8:38  Colossus (Chrono Boost), Probe x2  
  126  8:39  Probe  
  126  8:40  Pylon  
  129  8:42  Colossus (Chrono Boost)  
  141  8:53  Zealot  
  143  8:56  Extended Thermal Lance  
  143  8:58  Robotics Facility  
  143  9:00  Pylon  
  143  9:02  Shield Battery  
  143  9:05  Photon Cannon, Probe x2  
  143  9:06  Probe x2  
  143  9:09  Zealot x3  
  153  9:22  Protoss Ground Weapons Level 3 (Chrono Boost)  
  153  9:31  Immortal (Chrono Boost)  
  151  9:39  Colossus (Chrono Boost)  
  151  9:40  Probe  
  151  9:43  Probe  
  153  9:49  Probe  
  153  9:51  Immortal (Chrono Boost)  
  156  9:52  Gateway  
  156  9:56  Gateway  
  156  9:57  Templar Archives  
  156  10:03  Probe  
  157  10:09  Stargate x2  
  157  10:10  Stargate  
  157  10:15  Cybernetics Core  
  157  10:17  Fleet Beacon  
  157  10:19  Zealot x9  
  157  10:20  Zealot  
  139  10:44  Dark Templar x2  
  139  10:45  Dark Templar x5  
  139  10:47  Zealot x3  
  151  11:03  Disruptor x2 (Chrono Boost)  
  151  11:05  Nexus  
  151  11:07  Pylon, Zealot x2  
  151  11:08  Pylon  
  151  11:10  Pylon  
  164  11:12  Disruptor (Chrono Boost)  
  164  11:23  Probe  
  164  11:25  Probe x2  
  167  11:27  Nexus, Pylon  
  167  11:29  Pylon  
  167  11:30  Disruptor  
  170  11:34  Assimilator  
  170  11:39  Assimilator  
  170  11:40  Protoss Ground Armor Level 3 (Chrono Boost)  
  170  11:41  Probe  
  170  11:42  Probe  
  172  11:49  Protoss Air Weapons Level 1  
  166  11:57  Disruptor x2  
  166  11:58  Nexus  
  166  11:59  Pylon, Stalker  
  166  12:00  Stalker x7  
  166  12:01  Pylon  
  170  12:17  Dark Templar x3  
  169  12:24  Dark Templar  
  168  12:36  Zealot  
  168  12:37  Zealot x7  
  179  12:49  Stalker x2  
  179  12:50  Stalker  
  179  12:51  Probe  
  180  12:53  Stalker  
  180  12:54  Stalker x4  
  188  12:58  Probe x2  
  188  12:59  Probe  
  188  13:02  Tempest  
  188  13:03  Probe  
  197  13:10  Probe  
  198  13:18  Dark Templar x3  
  197  13:23  Probe x2  
  196  13:30  Probe x3  
  196  13:33  Nexus  
  199  13:34  Pylon  
  199  13:35  Protoss Shields Level 1  
  199  13:38  Assimilator  
  199  13:40  Assimilator  
  199  13:43  Photon Cannon x2  
  199  13:45  Shield Battery  
  199  13:46  Photon Cannon  
  199  13:48  Shield Battery  
  199  13:55  Nexus  
  199  13:57  Pylon  
  199  13:59  Psionic Storm  
  197  14:06  Shield Battery x2  
  197  14:07  Shield Battery  
  197  14:08  Tempest  
  196  14:30  Pylon  
  190  14:32  Pylon  
  190  14:35  Pylon  
  190  14:46  Tempest x2  
  194  15:04  Assimilator  
  194  15:06  Protoss Air Weapons Level 2 (Chrono Boost)  
  194  15:10  Nexus  
  194  15:11  Pylon  
  194  15:12  Pylon  
  194  15:16  High Templar x3  
  200  15:24  Unknown  
  164  15:59  Stalker x7  
  164  16:00  Stalker x2  
  164  16:01  Disruptor x3  
  189  16:12  Stalker x2  
  185  16:24  Stalker x2  
  182  16:25  Probe x2  
  182  16:26  Probe x2  
  182  16:33  Archon, High Templar x2  
  182  16:37  Probe  
  182  16:38  Probe  
  185  16:52  Probe  
  186  16:57  Protoss Air Armor Level 1  
  182  17:02  Zealot  
  182  17:03  Zealot x8  
  182  17:07  Dark Shrine  
  200  17:20  Nexus  
  200  17:21  Pylon  
  193  17:23  Pylon  
  175  17:33  Tempest  
  175  17:36  Disruptor x2  
  186  17:37  Disruptor  
  186  17:43  Zealot x5  
  199  17:55  Pylon  
  199  17:56  Pylon  
  199  18:00  Nexus  
  199  18:01  Pylon  
  199  18:02  Pylon  
  195  18:21  Nexus, Stalker x2  
  195  18:22  Stalker  
  186  18:43  Tempest  
  189  18:48  Zealot  
  179  19:00  Disruptor x3 (Chrono Boost)  
  135  19:08  Dark Templar x4  
  135  19:09  Dark Templar x7  
  157  19:13  Probe x3  
  160  19:18  Probe x3  
  161  19:29  Tempest  
  153  19:54  Disruptor x3  
  156  20:08  Dark Templar  
  156  20:09  Zealot x5, Dark Templar x3  
  156  20:13  Probe x2  
  172  20:27  Stalker x3  
  178  20:38  Dark Templar x2  
  178  20:39  Dark Templar  
  168  21:00  Disruptor x2  
  165  21:08  Tempest  
  158  21:18  Stalker x3  
  158  21:28  Stalker x3  
  164  21:33  Assimilator  
  164  21:34  Assimilator  
  164  21:36  Assimilator  
  162  21:42  Zealot  
  164  21:50  Stalker x3  
  164  21:51  Tempest, Stalker, Zealot x3  
  183  21:59  Observer  
  163  22:25  Assimilator  
  163  22:27  Assimilator  
  154  22:31  Observer x2  
  156  22:37  Nexus, Pylon  
  147  22:49  Zealot  
  147  22:50  Zealot x6  
  159  22:54  Stalker x3  
  159  22:55  Stalker x2  
  166  23:05  Tempest  
  150  23:24  Stalker x6  
  150  23:25  Stalker x2  
  151  23:39  Zealot  
  151  23:41  Probe  
  128  24:15  Stalker x7  
  128  24:16  Stalker x3, Zealot x2  
Show
View Real Time Build Order
Export as new Build Order

IIIIIIIIIIII Terran 

Build Orders: Reaper Expand 

Get SALT Encoding   

  12  0:00  SCV  
  13  0:12  SCV  
  14  0:17  Supply Depot  
  14  0:24  SCV  
  15  0:38  SCV  
  15  0:40  Barracks  
  16  0:43  Refinery  
  16  0:50  SCV  
  17  1:02  SCV  
  18  1:15  SCV  
  19  1:27  Orbital Command, Reaper  
  20  1:40  Command Center  
  20  1:53  SCV  
  21  1:56  Supply Depot  
  21  1:58  Marine  
  22  2:05  SCV  
  22  2:08  Bunker  
  23  2:18  Factory, SCV  
  23  2:20  Barracks Reactor  
  24  2:30  SCV  
  25  2:42  SCV  
  26  2:50  Command Center  
  26  2:56  Orbital Command  
  26  2:58  SCV  
  27  3:07  Marine  
  27  3:10  SCV  
  32  3:13  Hellion  
  31  3:22  SCV x2  
  31  3:25  Marine  
  31  3:26  Marine  
  35  3:27  Bunker  
  35  3:34  Factory Tech Lab, SCV  
  36  3:43  Supply Depot  
  36  3:44  Marine x2  
  36  3:46  SCV  
  36  3:48  SCV  
  39  3:51  Barracks  
  39  3:52  Cyclone  
  42  3:58  SCV  
  42  4:00  SCV  
  42  4:02  Marine x2  
  46  4:04  Orbital Command  
  46  4:12  SCV  
  44  4:17  SCV  
  44  4:20  Marine x2  
  45  4:24  SCV  
  45  4:25  Siege Tank  
  45  4:29  SCV  
  50  4:35  Refinery  
  50  4:37  Barracks, SCV  
  50  4:38  SCV  
  50  4:41  SCV  
  50  4:42  Marine x2  
  50  4:43  Barracks Tech Lab  
  53  4:48  Supply Depot  
  53  4:49  SCV  
  53  4:50  SCV  
  53  4:52  Engineering Bay  
  55  4:53  SCV  
  55  4:58  Siege Tank  
  59  5:01  SCV  
  59  5:02  Marine x2  
  59  5:03  Marine  
  59  5:04  SCV  
  59  5:06  SCV  
  65  5:07  Refinery  
  65  5:13  SCV  
  66  5:15  Refinery  
  66  5:16  SCV  
  66  5:17  Stimpack  
  66  5:19  SCV  
  66  5:20  Supply Depot  
  68  5:23  Marine x2  
  68  5:25  SCV  
  68  5:26  Barracks Tech Lab  
  71  5:28  SCV  
  71  5:31  SCV  
  73  5:37  Barracks x2  
  73  5:38  SCV, Marauder  
  76  5:43  Marine, Siege Tank  
  76  5:44  Supply Depot, Marine  
  76  5:46  SCV  
  76  5:47  SCV  
  76  5:49  Marauder  
  85  5:54  Combat Shield  
  83  5:57  SCV  
  83  6:01  Marine  
  85  6:05  Supply Depot, Marine  
  85  6:06  SCV, Marauder  
  85  6:08  Supply Depot  
  85  6:09  Terran Infantry Weapons Level 1  
  85  6:10  SCV, Marauder  
  90  6:21  Marine  
  90  6:24  SCV  
  92  6:27  Siege Tank, Marauder  
  92  6:28  Barracks Tech Lab  
  92  6:31  Barracks Reactor  
  92  6:32  Marine, Marauder  
  100  6:33  SCV x2  
  100  6:39  Marine  
  103  6:42  Orbital Command  
  103  6:45  Supply Depot  
  103  6:47  Supply Depot x2, Marauder  
  103  6:49  Marauder  
  103  6:52  Starport  
  109  6:54  Marauder  
  109  6:59  SCV  
  109  7:00  Marine, SCV  
  109  7:06  Marine  
  109  7:07  SCV  
  111  7:09  Marauder  
  111  7:10  Supply Depot, Marauder  
  111  7:11  SCV  
  116  7:16  Marine x2, Marauder  
  116  7:18  Marine  
  116  7:20  SCV x2  
  123  7:28  Marine, Missile Turret x2  
  123  7:29  SCV, Missile Turret  
  125  7:30  Marauder  
  125  7:31  Marine  
  125  7:35  SCV x2, Starport Reactor  
  125  7:37  Supply Depot  
  130  7:41  Concussive Shells  
  130  7:42  SCV  
  131  7:47  SCV  
  131  7:48  Command Center  
  132  7:54  Missile Turret  
  132  7:55  Sensor Tower  
  132  7:56  SCV x2  
  134  8:01  Missile Turret  
  134  8:02  Marauder x3  
  134  8:04  Siege Tank  
  143  8:06  Terran Infantry Armor Level 1  
  143  8:11  Refinery  
  143  8:12  Refinery  
  143  8:16  Supply Depot  
  143  8:17  Marine  
  143  8:18  Marine x3  
  147  8:23  Supply Depot, Marauder  
  149  8:28  Armory  
  149  8:30  SCV x2  
  149  8:33  Engineering Bay  
  149  8:38  SCV, Siege Tank, Marauder x2  
  149  8:40  Supply Depot  
  157  8:45  Medivac x2, SCV x2  
  163  8:48  Ghost Academy  
  163  8:55  SCV  
  163  8:57  Missile Turret  
  163  8:58  Missile Turret  
  164  9:04  Missile Turret  
  164  9:06  Sensor Tower  
  164  9:09  Supply Depot  
  164  9:10  Marine x2, Marauder x2  
  164  9:14  SCV x2  
  164  9:15  Medivac x2  
  170  9:26  SCV x2  
  170  9:28  Missile Turret  
  171  9:32  Marine  
  171  9:33  SCV, Marauder  
  171  9:36  Missile Turret  
  175  9:39  Missile Turret  
  175  9:40  Planetary Fortress  
  175  9:42  SCV x2  
  175  9:44  Marine  
  175  9:45  Marauder  
  176  9:48  Medivac x2  
  176  9:49  SCV  
  176  9:51  Missile Turret, Terran Infantry Weapons Level 2  
  179  9:53  Marine  
  179  9:54  SCV  
  179  9:56  SCV  
  184  10:01  SCV  
  184  10:02  Marine, Marauder  
  184  10:06  Supply Depot, Marauder  
  190  10:07  SCV  
  190  10:08  SCV  
  190  10:12  Marine  
  190  10:13  Ghost  
  193  10:15  Enhanced Shockwaves  
  193  10:18  Marine x2  
  195  10:27  Ghost  
  195  10:28  Siege Tank  
  200  10:29  Medivac  
  185  10:41  Marine, Marauder  
  181  10:46  Marine x2  
  181  10:47  Marine, Marauder  
  181  10:48  Command Center  
  185  10:50  Medivac  
  187  10:57  Marauder  
  187  10:59  Medivac  
  187  11:00  Marine, Siege Tank  
  187  11:03  Marauder  
  195  11:04  Marine  
  195  11:08  Marauder  
  195  11:09  Marine  
  198  11:11  Marine  
  199  11:22  Barracks, SCV  
  199  11:23  Barracks x2, Terran Infantry Armor Level 2, Refinery  
  199  11:24  Refinery  
  200  11:30  Ghost  
  200  11:44  Terran Ship Weapons Level 1  
  200  11:47  Starport  
  192  11:59  Marauder x2  
  192  12:01  Marine, Marauder  
  191  12:08  Marine  
  191  12:11  Sensor Tower  
  179  12:18  Marine  
  179  12:19  Barracks Tech Lab x2  
  179  12:20  Marauder, Barracks Reactor, Viking x2  
  179  12:21  Marauder  
  190  12:23  Marauder  
  172  12:38  Planetary Fortress  
  172  12:40  Marine, Command Center  
  172  12:41  Marine x3, Marauder x2  
  172  12:42  Marauder x2  
  172  12:55  Command Center  
  171  12:59  Marine  
  171  13:00  Marine, Marauder  
  171  13:02  Marauder x2  
  171  13:04  Marine, Marauder x2  
  184  13:07  Terran Infantry Weapons Level 3  
  184  13:08  Marine x3  
  184  13:11  Medivac x2  
  190  13:19  Missile Turret  
  178  13:20  Marine x2, Missile Turret  
  178  13:21  Marauder  
  178  13:24  Marine, Marauder x2  
  178  13:25  Marine, Marauder  
  178  13:26  Marauder  
  180  13:31  Siege Tank  
  180  13:32  Marine  
  181  13:41  Medivac x2  
  183  13:42  Marauder  
  183  13:45  Marauder  
  187  13:49  Ghost x2  
  187  13:52  Orbital Command  
  187  13:57  Command Center  
  187  13:58  Ghost  
  189  14:03  Siege Tank  
  189  14:05  Starport Reactor  
  189  14:09  Fusion Core  
  189  14:11  Orbital Command  
  189  14:14  Missile Turret, Marauder  
  186  14:24  Marine, Marauder  
  186  14:36  Marine, Marauder  
  186  14:37  Refinery  
  180  14:39  Liberator x2  
  180  14:44  Terran Infantry Armor Level 3  
  178  14:48  Liberator x2  
  178  14:53  Marine, Marauder  
  178  14:55  Marine  
  178  14:56  Marine, Marauder x2  
  183  15:00  Marine  
  183  15:01  Marine  
  183  15:02  Missile Turret  
  183  15:03  Missile Turret  
  183  15:04  Missile Turret  
  183  15:05  Terran Ship Weapons Level 2  
  185  15:09  Advanced Ballistics  
  185  15:15  Marauder  
  186  15:22  Viking  
  188  15:28  Viking  
  188  15:29  Sensor Tower  
  188  15:31  Viking  
  186  15:44  Marine x3, Marauder x2  
  186  15:45  Marauder  
  186  15:48  Ghost x2  
  186  15:49  Marine  
  196  15:50  Viking  
  196  15:51  Marine  
  196  15:52  Viking  
  198  16:02  Viking  
  200  16:06  Marine, Planetary Fortress  
  200  16:10  Missile Turret  
  196  16:11  Sensor Tower  
  196  16:17  Marine  
  196  16:18  Marauder  
  199  16:22  Marine, Marauder x2  
  192  16:26  Marine  
  192  16:27  Marauder x2  
  191  16:33  Marine  
  191  16:37  Marine x2  
  191  16:39  Marauder  
  196  16:44  Marauder  
  196  16:45  Marauder  
  194  16:58  Command Center  
  179  17:02  Marine  
  179  17:03  Marauder  
  179  17:05  Marine, Marauder x2  
  185  17:15  Marine x3, Marauder x2  
  189  17:17  SCV  
  185  17:25  Command Center  
  151  17:30  Viking x3  
  151  17:32  Viking  
  151  17:36  Siege Tank  
  151  17:44  Marine  
  151  17:45  Marine, Marauder x2  
  151  17:46  Marine  
  151  17:48  Marine  
  151  17:50  Marine  
  158  18:00  Marine x2  
  158  18:01  Marauder x2  
  158  18:02  Marine x2  
  160  18:06  Marine  
  160  18:07  Marauder  
  160  18:08  Marine, Marauder  
  160  18:11  Marine  
  167  18:14  Command Center  
  167  18:19  Marauder  
  169  18:22  Viking  
  168  18:30  Marine, Marauder  
  168  18:49  Supply Depot x2  
  168  18:50  Supply Depot  
  149  18:57  Marine x6  
  149  19:03  Orbital Command  
  149  19:06  Marine  
  149  19:07  Marauder  
  153  19:15  Liberator  
  155  19:20  Missile Turret  
  155  19:26  Liberator  
  158  19:31  Orbital Command  
  158  19:43  Marine x2  
  156  19:48  Marine  
  156  19:49  Marauder x2  
  149  20:04  Marine  
  149  20:05  Marauder  
  147  20:07  Planetary Fortress  
  147  20:13  Liberator x2  
  153  20:16  Liberator x2  
  159  20:21  Marine x2  
  159  20:28  Sensor Tower  
  161  20:46  Siege Tank  
  156  20:56  Liberator x2  
  161  20:59  Medivac  
  161  21:00  Orbital Command  
  129  21:07  Marine x4, Marauder x3  
  129  21:08  Marauder x2  
  140  21:19  Marine x2  
  142  21:29  Marauder  
  142  21:31  Marine x2  
  146  21:36  Marine x2  
  148  21:43  Marauder  
  150  21:54  Orbital Command  
  150  21:56  Marine  
  150  21:57  Marine x4  
  150  21:59  Marine  
  150  22:21  Marine  
  150  22:22  Marauder  
  148  22:29  Marine x3, Marauder  
  152  22:30  Marauder  
  141  22:52  Marine  
  141  22:57  Ghost  
  143  23:00  Ghost  
  143  23:03  Siege Tank  
  87  23:28  Marine  
  87  23:29  Marauder  
  87  23:31  Marine, Marauder  
  87  23:32  Marine x2, Marauder x2  
  91  23:38  Marine, Marauder  
  91  23:39  Orbital Command  
Tags
 
Add a new tag
Caveats
  • Supply blocks, unpowered buildings, or Contaminate may cause inaccurate times.
  • Supply counts are checked every 10 seconds.